 Dungeon Crawl Stone Soup version 0.29.1-15-g9cfb28693d (webtiles) character file.

Game seed: 14532374080673798694

3 hawla the Firebug (level 1, -2/14 HPs)
             Began as a Meteoran Fire Elementalist on Apr 10, 2023.
             Slain by a goblin
             ... wielding a +0 club
              (3 damage)
             ... on level 1 of the Dungeon.
             The game lasted 00:00:21 (63 turns).

hawla the Firebug (Meteoran Fire Elementalist)        Turns: 63, Time: 00:00:21

Health: -2/14      AC:  2    Str:  9    XL:     1   Next: 71%
Magic:  2/5        EV: 12    Int: 16    God:
Gold:   0          SH:  0    Dex: 14    Spells: 4/5 levels left

rFire   . . .      SeeInvis .   (no weapon)
rCold   . . .      Faith    .   (no shield)
rNeg    . . .      Spirit   .   a - +0 robe
rPois   .          Reflect  .   (no helmet)
rElec   .          Harm     .   (no cloak)
rCorr   .          Rampage  .   (no gloves)
Will    .....                   (no boots)
Stlth   +.........              (no amulet)
HPRegen 0.04/turn               (no ring)
MPRegen 0.09/turn               (no ring)

@: glowing
A: sense surroundings 1, otherworldly, glowing, explore regen
a: no special abilities


You were on level 1 of the Dungeon.
You visited 1 branch of the dungeon, and saw 1 of its levels.

Inventory:

Armour
 a - a +0 robe (worn)
Potions
 b - a potion of magic
 c - a potion of cancellation {unknown}


   Skills:
 + Level 2.5 Dodging
 - Level 1.4 Stealth
 + Level 2.7 Spellcasting
 + Level 1.2 Conjurations
 + Level 3.8 Fire Magic


You had 4 spell levels left.
You knew the following spells:

 Your Spells              Type           Power      Damage    Failure   Level
a - Foxfire               Conj/Fire      40%        2x1d6     7%          1

Your spell library contained the following spells:

 Spells                   Type           Power      Damage    Failure   Level
 Scorch                   Fire           28%        2d6       6%          2
 Conjure Flame            Conj/Fire      10%        6-21      21%         3
 Inner Flame              Hex/Fire       8%         N/A       26%         3
 Flame Wave               Conj/Fire      10%        2d6       56%         4


Dungeon Overview and Level Annotations

Branches:
Dungeon (1/15) Zot: 537

Altars:


Innate Abilities, Weirdness & Mutations

You passively map a small area around you.
You are easily found by Zot.
You glow in the dark.
You regain HP and MP as you explore.


Message History

The jackal is heavily wounded.
A bat comes into view.
The jackal bites you.
Casting: Foxfire (safe; 7% risk of failure)
Confirm with . or Enter, or press ? or * to list all spells.
You conjure some foxfire!
The jackal barely misses you.
You barely miss the jackal.
The jackal is heavily wounded.
The foxfire hits the jackal but does no damage.
The jackal is heavily wounded.
The foxfire hits the jackal.
You kill the jackal!
The bat hits you.
Casting: Foxfire (safe; 7% risk of failure)
Confirm with . or Enter, or press ? or * to list all spells.
You conjure some foxfire!
The bat hits you. The bat hits you but does no damage.
A goblin comes into view. It is wielding a +0 club.
You closely miss the bat.
The foxfire hits the bat.
You kill the bat!
The foxfire hits the goblin.
The goblin is heavily wounded.
Casting: Foxfire (safe; 7% risk of failure)
Confirm with . or Enter, or press ? or * to list all spells.
You conjure some foxfire!
The foxfire hits the hobgoblin.
The hobgoblin is lightly wounded.
A hobgoblin comes into view.
You hit the hobgoblin but do no damage.
The hobgoblin is lightly wounded.
The foxfire hits the hobgoblin but does no damage.
The hobgoblin is lightly wounded.
The goblin hits you but does no damage. The hobgoblin hits you.
The goblin attacks as you move away! The goblin barely misses you.
The hobgoblin attacks as you move away! The hobgoblin hits you.
The goblin attacks as you move away! The goblin closely misses you.
The hobgoblin attacks as you move away! The hobgoblin hits you.
* * * LOW HITPOINT WARNING * * *
The goblin attacks as you move away! The goblin hits you with a +0 club.
You die...

* * * * * ## * , , .## ######
* , ** .. #....#, ,, * , ,,,
#.##....# , ,. ,,,,
##.##....# , .. * , , ,
#..@g....# ... ###########
#...gJ...# .... #9#p#M#T#d#
#......h.# .....
##############....##g.#......
,
..........'..#....###.g......
############......#
###......,
#p#B#K#p#V####....# ....##
########### #....# ...#*,
#....# ...# ,


You could see an endoplasm, a jackal, 2 hobgoblins and 2 goblins.

Vanquished Creatures
  A hobgoblin (D:1)
  A jackal (D:1)
  A bat (D:1)
3 creatures vanquished.

Vanquished Creatures (others)
  10 foxfires (D:1)
10 creatures vanquished.

Grand Total: 13 creatures vanquished

Notes
Turn   | Place    | Note
-------+----------+-------------------------------------------
     0 | D:1      | hawla the Meteoran Fire Elementalist began the quest for
                  | the Orb.
     0 | D:1      | Reached XP level 1. HP: 14/14 MP: 5/5
     2 | D:1      | Noticed a vine stalker
     2 | D:1      | Noticed a demonspawn
     4 | D:1      | Noticed a vampire
     4 | D:1      | Noticed a ghoul
     6 | D:1      | Noticed an octopode
     6 | D:1      | Noticed an elf
     8 | D:1      | Noticed a minotaur
     8 | D:1      | Noticed a merfolk
    10 | D:1      | Noticed a spriggan
    10 | D:1      | Noticed a tengu
    12 | D:1      | Noticed a palentonga
    12 | D:1      | Noticed a naga
    14 | D:1      | Noticed a meteoran
    14 | D:1      | Noticed a felid
    16 | D:1      | Noticed an ogre
    16 | D:1      | Noticed a draconian
    18 | D:1      | Noticed a gargoyle
    18 | D:1      | Noticed a demigod
    20 | D:1      | Noticed a human
    20 | D:1      | Noticed a formicid
    24 | D:1      | Noticed a troll
    24 | D:1      | Noticed a human
    26 | D:1      | Noticed a draconian
    26 | D:1      | Noticed a vampire
    63 | D:1      | Slain by a goblin

Illustrated notes

Levels and vault maps discovered:
D:1:      kb_arrival_jail, layout_basic, ebering_ecumenical_altar_petrified,
          serial_shops, shop

Action                   || total
-------------------------++-------
Melee: Unarmed           ||     6
 Cast: Foxfire           ||     6
Armor: Robe              ||     3
Dodge: Dodged            ||     3
